[Event "Champions Showdown Kings 2025"]
[Site "Saint Louis"]
[Date "2025.03.04"]
[Round "1.3"]
[White "Aronian, Levon"]
[Black "So, Wesley"]
[Result "0-1"]
[Annotator "TA"]
[ECO "C54"]
[WhiteElo "2745"]
[BlackElo "2747"]
[PlyCount "82"]
[EventDate "2025.03.02"]
[EventType "swiss"]
[EventCountry "USA"]
[SourceTitle "playchess.com"]
[Source "ChessBase"]
[SourceQuality "1"]
[TimeControl "3600+15"]

1. e4 e5 2. Nf3 Nc6 3. Bc4 Bc5 4. d3 Nf6 5. h3 d6 6. c3 O-O (6... a6 7. Bb3 h6 8. Nbd2 Ba7 9. Nf1 d5 10. Qe2 Be6 11. Ng3 O-O 12. O-O Re8 13. Rd1 Qe7 14. d4 dxe4 15. Nxe5 Nxe5 16. dxe5 Bxb3 17. axb3 Qxe5 {½-½ Aronian,L (2730)-So,W (2757) Chess.com Classic Div 2 L rapid 2024 (5.1)}) 7. Bg5 {[%emt 0:00:05] C54: Giuoco Piano: 4 c3 Nf6, main lines with 5 d4 and 5 d3.} a6 8. Bb3 h6 9. Bh4 {[%emt 0:00:01] The position is equal.} g5 10. Bg3 Nh5 11. Nbd2 Qf6 $146 (11... a5 12. a4 Qf6 13. Qe2 Ne7 14. Nh2 Qg6 15. Ng4 Kh7 16. O-O-O f5 17. exf5 Nxf5 18. Bh2 Nf4 19. Bxf4 gxf4 20. Ne4 Ba7 {0-1 Ritter,U (2197)-Barth,H (2126) W-ch WS/M/375 email 2012}) 12. Qe2 Kh8 13. O-O-O Bd7 14. Rdf1 (14. Kb1 $142) 14... b5 $11 15. Bh2 Nf4 16. Bxf4 gxf4 17. g4 Rg8 18. Bd5 b4 19. Nb3 {[%emt 0:07:49][%cal Od3d4] And now d4! would win. A dynamic duo of knights.} bxc3 20. Nxc5 (20. bxc3 $11 {was the only way to keep the balance.} Ba3+ 21. Kd1) 20... dxc5 $17 21. bxc3 Rab8 22. Qc2 {[%emt 0:07:01] [#]} (22. Kc2 $142) 22... Na5 $1 23. c4 {[%emt 0:02:02][%csl Oa2,Od3] White has weak pawns} Qb6 24. Kd2 (24. Nxe5 Ba4 25. Nxf7+ (25. Qxa4 {gets mated.} Qb1+ 26. Kd2 Rb2+ 27. Kc3 Rc2+ 28. Qxc2 Qb4#) 25... Kh7 $19) 24... Qb4+ 25. Ke2 (25. Qc3 {was the only chance.} Qb2+ 26. Qxb2 Rxb2+ 27. Kc3) 25... Ba4 $19 26. Qd2 Qxd2+ 27. Nxd2 Kg7 28. Rb1 c6 29. Bxf7 {[%emt 0:02:13] Now White is beyond hope.} (29. Rxb8 Rxb8 30. Rb1 Rxb1 31. Nxb1 cxd5 $17) (29. Rhc1 $17) 29... Kxf7 30. Rhc1 Rb4 31. Rc3 Rxb1 32. Nxb1 {[%emt 0:00:01] [#]} Rb8 $1 33. Nd2 Rb4 34. h4 Nb7 35. g5 hxg5 {[%emt 0:01:54] Black is clearly winning.} 36. hxg5 Nd8 {[%emt 0:00:25] ...Ne6 is the strong threat.} 37. Nf3 Kg6 38. Rc1 (38. Nxe5+ $142 Kxg5 39. Rc1) 38... Nf7 39. Kf1 Rb2 40. a3 Bc2 41. Ne1 Bb1 {[%emt 0:00:12] Weighted Error Value: White=0.33/Black=0.05 (flawless)   Mistake:       	White=6     	---        Inaccurate:     	White=2     	Black=1      OK:         	White=6     	Black=15     Best:        	White=4     	Black=4      Strong:       	---       	Black=2} 0-1

[Event "Champions Showdown Kings 2025"]
[Site "Saint Louis"]
[Date "2025.03.04"]
[Round "1.3"]
[White "Robson, Ray"]
[Black "Dominguez Perez, Leinier"]
[Result "1-0"]
[Annotator "TA"]
[ECO "E20"]
[WhiteElo "2689"]
[BlackElo "2741"]
[PlyCount "113"]
[EventDate "2025.03.02"]
[EventType "swiss"]
[EventCountry "USA"]
[SourceTitle "playchess.com"]
[Source "ChessBase"]
[SourceQuality "1"]
[TimeControl "3600+15"]

1. d4 Nf6 2. c4 e6 3. Nc3 Bb4 4. g3 d5 5. Bg2 O-O 6. Nf3 dxc4 7. O-O Nc6 8. a3 {[%emt 0:00:03] 8.Re1 is the fancy move.} Be7 9. e4 {[%emt 0:00:03] E20: Nimzo-Indian: 4 g3 and 4 f3.} (9. Be3 $11) 9... Na5 10. Be3 Nb3 11. Rb1 {[%emt 0:00:13] White sacrificed a pawn. The position is equal.} c5 12. dxc5 Bxc5 13. Bxc5 Nxc5 14. Qe2 $5 $146 {[%emt 0:00:01][%cal Of1d1][%mdl 8] An interesting novelty.} ({Predecessor:} 14. Ne5 b6 15. Nc6 Qxd1 16. Rbxd1 Bb7 17. e5 Bxc6 18. Bxc6 Rac8 19. exf6 Rxc6 20. fxg7 Kxg7 {0-1 Gorovets,A (2517)-Sebenik,M (2551) PRO League Stage rapid 2018 (7)}) 14... b6 15. Rfd1 Qe8 16. Qxc4 Ba6 17. Qd4 Rd8 {[%emt 0:03:42] Prevents e5} 18. Qe3 Rxd1+ (18... Bd3 {feels hotter.} 19. Rbc1 Ng4 20. Qg5 Nh6) 19. Rxd1 Na4 20. e5 Nxc3 21. exf6 Qa4 $1 (21... Nxd1 22. Qg5 g6 23. Qh6 Nxb2 24. Qg7#) 22. Rd2 (22. Rd4 $5 Ne2+ $8 23. Qxe2 Qxd4 24. Qxa6 (24. Nxd4 Bxe2 25. Nxe2 Rd8 $11) 24... Qd1+ 25. Qf1 $16) 22... Nd5 23. Qd4 ({Reject} 23. Rd4 Qc2 24. Qd2 Rc8 $17) 23... Qxd4 24. Nxd4 Nxf6 25. Nc6 {[%emt 0:00:10] Dodges Rd8} Bc4 26. Nxa7 Bd5 27. Rc2 Bxg2 28. Kxg2 $14 {[%emt 0:00:03][%mdl 4096] Endgame KRN-KRN} Rb8 29. Kf3 Kf8 30. Rc8+ Rxc8 31. Nxc8 {[%emt 0:00:03] KN-KN} Nd5 32. Ke4 f6 33. Nd6 g6 34. f4 Ke7 35. Nb5 Kd7 36. Kd4 Ne7 37. Kc4 Nf5 38. Kd3 {[%emt 0:00:18] Against Ne3} h5 (38... Nh6 $11) 39. Nd4 e5 40. fxe5 fxe5 41. Ne2 Ke6 (41... Nd6 $11) 42. a4 $16 {[%emt 0:00:11] Black is on the road to losing.} g5 {[%emt 0:00:16] [#]} (42... Nd6 $16) 43. b4 $1 $18 g4 $2 (43... Nd6 {was worth a try.} 44. Nc3 Kf5) 44. a5 bxa5 45. bxa5 Kd5 $2 (45... Ne7) 46. a6 {[%emt 0:00:37] White is clearly winning.} e4+ 47. Kc3 Nd6 48. Nf4+ Kc5 49. Nxh5 Nb5+ 50. Kd2 Kd4 51. Nf6 e3+ 52. Ke2 Nc3+ 53. Ke1 {[%emt 0:00:03][%cal Oa6a7] Threatening mate with a7!.} Nb5 54. Nxg4 {[%emt 0:00:09] Hoping for h4.} Ke4 55. h4 Kf3 {[%emt 0:00:07] [#]} 56. Nxe3 $1 Kxe3 (56... Ke4 57. Kf2) 57. h5 {[%emt 0:00:01] Weighted Error Value: White=0.03 (flawless) /Black=0.76  Mistake:       	---       	Black=5      Inaccurate:     	White=1     	Black=4      OK:         	White=15    	Black=10     Best:        	White=5     	Black=3      Strong:       	White=1     	Black=1} 1-0